 Dungeon Crawl Stone Soup version 0.13-a0-1672-g2e244fd (webtiles) character file.

148 kuzmorgo the Ruffian (level 4, -10/35 (38) HPs)
             Began as a Ghoul Gladiator on June 19, 2013.
             Was a Follower of Nemelex Xobeh.
             Mangled by Skaotu Dipo the tengu
             ... wielding a +2,+0 glaive of freezing
             ... created by the player character
              (13 damage)
             ... on Level 2 of the Dungeon.
             The game lasted 00:13:46 (2023 turns).

kuzmorgo the Ruffian (Ghoul Gladiator)              Turns: 2023, Time: 00:13:47

HP -10/35 (38)   AC  7     Str 19      XL: 4   Next: 54%
MP   2/2         EV 10     Int  3      God: Nemelex Xobeh [*.....]
Gold 60          SH  0     Dex  9      Spells:  0 memorised,  3 levels left

Res.Fire  : . . .   See Invis. : .   i - plain deck of defence {drawn: 5}
Res.Cold  : + . .   Warding    : .   h - +0 ring mail
Life Prot.: + + +   Conserve   : .   (no shield)
Res.Poison: +       Res.Corr.  : .   c - +0 helmet (curse)
Res.Elec. : .       Clarity    : .   (no cloak)
Sust.Abil.: . .     Spirit.Shd : .   (no gloves)
Res.Mut.  : .       Stasis     : .   e - +0 pair of dwarf boots
Res.Rott. : +       Flight     : .   (no amulet)
Saprovore : + + +                    (no ring)
                                     (no ring)

@: rotting, slightly resistant to hostile enchantments, extremely unstealthy
A: rotting body, claws 1, carnivore 3, cold resistance 1, life protection 3,
poison resistance, saprovore 3, slow healing 1, torment resistance, unbreathing
a: Draw One, Renounce Religion


You were on level 2 of the Dungeon.
You worshipped Nemelex Xobeh.
Nemelex Xobeh was pleased with you.
You were not hungry.

You visited 1 branch of the dungeon, and saw 2 of its levels.

You collected 40 gold pieces.

Inventory:

Armour
 b - a +0 leather armour
 c - a cursed +0 helmet (worn)
 e - a +0 pair of dwarven boots (worn)
 h - a +0 ring mail (worn)
Magical devices
 p - a wand of digging (9) {unknown}
Scrolls
 a - a scroll of teleportation {unknown}
 j - a scroll of curse armour
 m - a scroll of random uselessness {unknown}
 n - a scroll of identify {unknown}
 o - a scroll of fear {unknown}
Jewellery
 k - a +3 ring of intelligence {unknown}
Potions
 f - 4 potions of curing {unknown}
Miscellaneous
 g - a plain deck of summonings {drawn: 8}
 i - a plain deck of defence {drawn: 5} (in claw)


   Skills:
 + Level 2.6 Fighting
   Level 0.0 Short Blades
   Level 0.0 Long Blades
   Level 0.0 Axes
   Level 0.0 Maces & Flails
   Level 0.0 Polearms
   Level 0.0 Staves
   Level 0.0 Slings
   Level 0.0 Bows
   Level 0.0 Crossbows
 + Level 1.9 Throwing
 + Level 1.4 Armour
 + Level 3.3 Dodging
 + Level 0.5 Stealth
   Level 0.0 Stabbing
   Level 0.0 Shields
 + Level 0.0 Traps
 + Level 4.2 Unarmed Combat
 + Level 0.0 Spellcasting
   Level 0.0 Conjurations
   Level 0.0 Hexes
   Level 0.0 Charms
   Level 0.0 Summonings
   Level 0.0 Necromancy
   Level 0.0 Translocations
   Level 0.0 Transmutations
   Level 0.0 Fire Magic
   Level 0.0 Ice Magic
   Level 0.0 Air Magic
   Level 0.0 Earth Magic
   Level 0.0 Poison Magic
   Level 0.0 Invocations
 + Level 0.0 Evocations


You had 3 spell levels left.
You didn't know any spells.

Dungeon Overview and Level Annotations

Branches:
Dungeon (2/27)

Altars:
Nemelex Xobeh
the Shining One

Annotations
D:2 Sigmund


Innate Abilities, Weirdness & Mutations

Your body is rotting away.
You have sharp fingernails.
You are carnivorous and can eat meat at any time.
Your flesh is cold resistant.
You are immune to negative energy.
Your system is resistant to poisons.
You thrive on rotten meat.
You heal slowly.
You are immune to unholy pain and torment.
You can survive without breathing.


Message History

Your vampire mosquito completely misses the vampire mosquito.
The vampire mosquito bites you but does no damage.
The war dog bites your vampire mosquito.
Read which item? (? for menu, Esc to quit)
As you read the scroll labeled PSOPAL ECLITZAASE, it crumbles to dust.
Your +0 helmet glows black for a moment.
It was a scroll of curse armour.
You feel your flesh rotting away. The vampire mosquito bites you!
Your vampire mosquito bites the war dog!
Your vampire mosquito misses the vampire mosquito.
The war dog completely misses your vampire mosquito.
Your vampire mosquito misses the vampire mosquito.
The vampire mosquito bites you!
* * * LOW HITPOINT WARNING * * *
Your vampire mosquito misses the war dog.
It hits your vampire mosquito.
Skaotu Dipo hits you with a runed glaive!
You die...
Your body disappears without a glow.

#.######### #.# #.#
######.######
#...........#
#.###..#.##.#
#.###....##.#
######.##H....##.#######
#.....{yh@y...##.##....#
#.####.####y#.#....>.#.#
#.# #.####.#.##.##..#.#
#.# #........#####..#.#
#.@.b.b# ######'###
#..#.# #.###..# ##...##
#....# .... ##.....##
##.### #.b.. ##.......##
#..## #....[
#.........####...###


You could see a vampire mosquito, a war dog, Skaotu Dipo the tengu and friendly
2 vampire mosquitoes.

Vanquished Creatures
  Ijyb (D:2)
  4 adders (D:2)
  A giant gecko (D:1)
  3 ball pythons
  4 hobgoblins
  3 jackals (D:2)
  9 kobolds
  5 bats
  A giant newt (D:1)
  A goblin (D:1)
  5 rats
37 creatures vanquished.

Vanquished Creatures (others)
  A giant newt skeleton (D:2)
  A goblin (D:1)
  A butterfly (D:2)
3 creatures vanquished.

Grand Total: 40 creatures vanquished

Notes
Turn   | Place    | Note
--------------------------------------------------------------
     0 | D:1      | kuzmorgo, the Ghoul Gladiator, began the quest for the Orb.
     0 | D:1      | Reached XP level 1. HP: 18/18 MP: 0/0
   103 | D:1      | Reached XP level 2. HP: 20/25 MP: 1/1
   384 | D:1      | Found a sparkling altar of Nemelex Xobeh.
   414 | D:1      | Became a worshipper of Nemelex Xobeh
   720 | D:1      | Received a gift from Nemelex Xobeh
  1086 | D:2      | Found a glowing golden altar of the Shining One.
  1095 | D:2      | Reached skill level 1 in Armour
  1095 | D:2      | Reached XP level 3. HP: 24/27 MP: 2/2
  1246 | D:2      | Noticed Ijyb
  1270 | D:2      | Killed Ijyb
  1332 | D:2      | Reached XP level 4. HP: 23/33 MP: 2/2
  1380 | D:2      | Reached skill level 4 in Unarmed Combat
  1861 | D:2      | Noticed Sigmund
  1865 | D:2      | Received a gift from Nemelex Xobeh
  2015 | D:2      | Noticed a war dog
  2020 | D:2      | Acquired Nemelex Xobeh's first power
  2020 | D:2      | Noticed a vampire mosquito
  2022 | D:2      | Noticed Skaotu Dipo
  2023 | D:2      | Mangled by Skaotu Dipo the tengu

Action                   |  1- 3 |  4- 6 || total
-------------------------+-------+-------++-------
Melee: Unarmed           |    98 |    27 ||   125
Throw: Throwing net      |       |     3 ||     3
Evoke: Deck              |       |    20 ||    20
  Use: Scroll            |       |     1 ||     1
